 Dungeon Crawl Stone Soup version 0.17-a0-1582-ge6b0260 (webtiles) character file.

1411 urechis the Conjurer (level 8, 0/46 HPs)
             Began as a Gargoyle Wizard on July 27, 2015.
             Killed by divine providence
             ... invoked by an orc priest
              (16 damage)
             ... on level 6 of the Dungeon.
             The game lasted 00:27:34 (8230 turns).

urechis the Conjurer (Gargoyle Wizard)              Turns: 8230, Time: 00:27:35

Health: 0/46       AC: 11    Str: 11    XL:     8   Next: 70%
Magic:  0/16       EV: 11    Int: 21    God:
Gold:   271        SH:  0    Dex:  8    Spells: 5 memorised, 7 levels left

rFire  . . .     SeeInvis .     a - +0 quarterstaff
rCold  . . .     Clarity  .     G - +0 leather armour (curse)
rNeg   + . .     SustAt   .     (no shield)
rPois  ∞         Gourm    .     B - +0 helmet
rElec  +         Spirit   .     E - +1 cloak
rCorr  .         Warding  .     (no gloves)
rMut   .         Stasis   .     (no boots)
MR     +....                    j - amulet of regeneration
Stlth  +.........               (no ring)
                                m - ring of protection from magic

@: somewhat resistant to hostile enchantments, very unstealthy
A: negative energy resistance 1, electricity resistance, unbreathing,
petrification resistance, rot immunity, AC +5
a: no special abilities


You were on level 6 of the Dungeon.
You were hungry.

You visited 1 branch of the dungeon, and saw 6 of its levels.

You collected 271 gold pieces.

Inventory:

Hand weapons
 a - a +0 quarterstaff (weapon)
Armour
 B - a +0 helmet (worn)
 E - a +1 cloak (worn)
 G - a cursed +0 leather armour (worn)
Jewellery
 j - an amulet of regeneration (around neck)
 m - a ring of protection from magic (left hand)
Magical devices
 b - a wand of magic darts (13)
Scrolls
 l - a scroll of immolation {unknown}
 o - a scroll of enchant weapon {unknown}
 r - a scroll of enchant armour {unknown}
 s - a scroll of blinking {unknown}
 t - a scroll of noise {unknown}
 y - 2 scrolls of teleportation {unknown}
 A - 3 scrolls of remove curse {unknown}
 C - 2 scrolls of identify {unknown}
Potions
 e - 2 potions of degeneration {unknown}
 f - a potion of lignification {unknown}
 h - a potion of ambrosia {unknown}
 n - 4 potions of curing {unknown}
 p - 2 potions of magic {unknown}
 q - a potion of poison {unknown}
 u - a potion of haste {unknown}
 z - a potion of brilliance {unknown}
Books
 c - a book of Minor Magic

   Spells                             Type                      Level
   a - Magic Dart                     Conjuration                  1
   b - Blink                          Translocation                2
   c - Call Imp                       Summoning                    2
   d - Repel Missiles                 Charms/Air                   2
   e - Slow                           Hexes                        2
   f - Conjure Flame                  Conjuration/Fire             3
   g - Mephitic Cloud                 Conjuration/Poison/Air       3
 v - a Grand Grimoire

   Spells                             Type                      Level
   a - Monstrous Menagerie            Summoning                    6
   b - Summon Greater Demon           Summoning                    7
   c - Malign Gateway                 Summoning/Translocation      7
   d - Summon Horrible Things         Summoning                    8
Comestibles
 d - 5 bread rations
 g - 4 beef jerkies
 i - 5 fruits
 k - a meat ration
 w - a slice of pizza
 x - a royal jelly


   Skills:
 + Level 3.0 Fighting
 + Level 1.8 Staves
 + Level 2.1 Armour
 + Level 2.4 Dodging
 - Level 2.1 Stealth
 + Level 5.8 Spellcasting
 * Level 6.2 Conjurations
   Level 0.8 Summonings
 - Level 0.8 Translocations
 + Level 2.4 Fire Magic
 + Level 1.9 Air Magic
 + Level 2.0 Evocations


You had 7 spell levels left.
You knew the following spells:

 Your Spells              Type           Power        Failure   Level  Hunger
a - Magic Dart            Conj           ####         1%          1    None
b - Mephitic Cloud        Conj/Pois/Air  ###.....     14%         3    ##.....
c - Repel Missiles        Chrm/Air       ##....       17%         2    None
d - Conjure Flame         Conj/Fire      ###.....     10%         3    ##.....
e - Blink                 Tloc           N/A          17%         2    None


Dungeon Overview and Level Annotations

Branches:
Dungeon (6/15)             Temple (0/1) D:6

Altars:
Gozag
Makhleb
Okawaru
Xom
Zin
The Shining One

Annotations:
D:3 4 runed doors


Innate Abilities, Weirdness & Mutations

You are resistant to torment.
Your stone body is resilient (AC +5).
You are immune to poison.
You resist negative energy.
You are resistant to electric shocks.
You can survive without breathing.
You are immune to petrification.
You are immune to rotting.


Message History

You don't have enough magic to cast that spell.
The orc priest mumbles some strange prayers to Beogh against you.
Something smites you!
* * * LOW HITPOINT WARNING * * *
A goblin comes into view. It is wielding a club.
You start resting.
Casting: Magic Dart
Confirm with . or Enter, or press ? or * to list all spells.
Aiming: Magic Dart
Press: ? - help, Shift-Dir - straight line, f/p - orc priest
Aim: an orc priest, wielding a mace and wearing a leather armour (heavily wounded)
The magic dart hits the orc priest.
The orc priest is severely wounded.
The orc priest calls down the wrath of Beogh upon you.
You resist with some effort.
You hit the orc priest but do no damage.
The orc priest is severely wounded.
The orc priest mumbles some strange prayers to Beogh against you.
Something smites you!
You die...

### ### ..# ############## ..
#.###............# .#
#.........### ##.########.##
......###.#####)....§o)g...#
###.............o#######.#?....
#.#####<######@# #......###.
#.# #.# #.# #.##..## #.# #.#
#.# # .... #.# #.# #.# 8.8.8
... #.# #.# ..⌠F⌠o. ... #)# #.#
.8.>.8.o .[. #[# ..# #..⌠.⌠....
#####.# .## ##...#)# #.#


You could see an orc priest.

Vanquished Creatures
  Menkaure (D:5)
  An orc warrior (D:5)
  2 phantoms
  A necrophage (D:6)
  An ogre (D:5)
  A scorpion (D:4)
  A crimson imp (D:3)
  A centaur skeleton (D:4)
  3 orc priests
  4 hounds
  An iguana (D:5)
  A giant frog skeleton (D:6)
  3 orc wizards (D:5)
  2 worker ants (D:4)
  A hound skeleton (D:4)
  A worker ant zombie (D:5)
  6 adders
  4 gnolls
  A shadow imp (D:5)
  An ooze (D:1)
  4 worms
  3 giant geckos
  33 orcs
  17 bats
  A bat skeleton (D:5)
  A bat zombie (D:6)
  6 giant cockroaches
  17 goblins
  23 hobgoblins
  7 jackals (D:2)
  9 kobolds
  4 quokkas
  3 ball pythons
  6 giant newts
  13 rats
184 creatures vanquished.

Notes
Turn   | Place    | Note
--------------------------------------------------------------
     0 | D:1      | urechis the Gargoyle Wizard began the quest for the Orb.
     0 | D:1      | Reached XP level 1. HP: 10/10 MP: 4/4
   345 | D:1      | Reached XP level 2. HP: 15/15 MP: 1/6
   847 | D:1      | Reached XP level 3. HP: 19/19 MP: 0/8
  1731 | D:2      | Reached XP level 4. HP: 24/24 MP: 7/9
  2091 | D:2      | Learned a level 3 spell: Mephitic Cloud
  2131 | D:2      | Found a glowing silver altar of Zin.
  2136 | D:2      | Reached skill level 4 in Spellcasting
  3021 | D:3      | Found a burning altar of Makhleb.
  3022 | D:3      | Found a shimmering altar of Xom.
  3026 | D:3      | Reached XP level 5. HP: 24/28 MP: 6/11
  3060 | D:3      | Found a glowing golden altar of the Shining One.
  3060 | D:3      | Found a runed door.
  3060 | D:3      | Noticed an angel
  3275 | D:4      | Noticed a phantom
  3275 | D:4      | Noticed a phantom
  3519 | D:4      | Reached XP level 6. HP: 21/32 MP: 0/13
  3578 | D:4      | Reached skill level 5 in Spellcasting
  3943 | D:3      | Killed a phantom
  3943 | D:3      | Reached skill level 5 in Conjurations
  4035 | D:3      | Learned a level 2 spell: Repel Missiles
  4039 | D:3      | Learned a level 3 spell: Conjure Flame
  4042 | D:3      | Learned a level 2 spell: Blink
  4061 | D:3      | Found a runed door.
  4062 | D:3      | Found a glowing golden altar of the Shining One.
  4374 | D:3      | Found a burning altar of Makhleb.
  4376 | D:3      | Found a shimmering altar of Xom.
  4493 | D:3      | Found a glowing golden altar of the Shining One.
  4499 | D:3      | Found a runed door.
  4591 | D:3      | Found a burning altar of Makhleb.
  4725 | D:3      | Found a shimmering altar of Xom.
  4876 | D:3      | Found a burning altar of Makhleb.
  4924 | D:3      | Found a runed door.
  4925 | D:3      | Found a glowing golden altar of the Shining One.
  5124 | D:3      | Found a shimmering altar of Xom.
  5161 | D:3      | Reached XP level 7. HP: 36/36 MP: 12/15
  5372 | D:4      | Reached skill level 1 in Fire Magic
  5711 | D:4      | Reached skill level 1 in Fighting
  5891 | D:5      | Entered Level 5 of the Dungeon
  5899 | D:5      | Reached skill level 1 in Armour
  6236 | D:5      | Reached skill level 1 in Air Magic
  6612 | D:5      | Found a burning altar of Makhleb.
  6746 | D:5      | Found an opulent altar of Gozag.
  6748 | D:5      | Noticed Menkaure
  6760 | D:5      | Killed Menkaure
  6760 | D:5      | Reached XP level 8. HP: 25/44 MP: 4/16
  6897 | D:5      | Reached skill level 1 in Staves
  6897 | D:5      | Reached skill level 1 in Evocations
  7616 | D:6      | Killed a phantom
  7780 | D:6      | Found an iron altar of Okawaru.
  8044 | D:6      | Reached skill level 6 in Conjurations
  8156 | D:6      | Found a staircase to the Ecumenical Temple.
  8230 | D:6      | Killed from afar by an orc priest

Vault maps used:
D:1:      dpeg_arrival_more_subterranean_lakeside_camping
D:2:      forest_paths, overflow_temple_1_default
D:3:      grunt_temple_overflow_champion_of_chaos, lemuel_angel_altar
D:4:      corexii_shack_village, first_bread
D:5:      kennysheep_little_box, bloody_makhleb, uniq_menkaure
D:6:      minmay_temple_entry_statues_fountains, basic_altar

Action                   |  1- 3 |  4- 6 |  7- 9 || total
-------------------------+-------+-------+-------++-------
Melee: Unarmed           |     3 |       |       ||     3
       Short sword       |    18 |    31 |    11 ||    60
       Quarterstaff      |       |       |    35 ||    35
 Cast: Magic Dart        |    99 |   206 |   265 ||   570
       Mephitic Cloud    |       |       |     3 ||     3
       Conjure Flame     |       |       |     3 ||     3
 Stab: Confused          |       |       |     1 ||     1
  Eat: Chunk             |     2 |    10 |    11 ||    23
